AoeStats
← aleix.car

Arabia

510329034Analyzed
1v1 RM · 2d ago on Sep 30, 2026· 53m 39s· 2 players
Game mode
Random Map
Map size
Tiny (2 player)
Population
200
Speed
Normal
Resources
Standard
Victory
Conquest
Starting age
Dark Age
Ending age
Imperial Age
RankedLock teamsTeams togetherTeam positionsShared explorationLock speedFull tech treeHidden civsTurbo modeCheats
Victory
Defeat
🇨🇿 Saxons · Czechia
981
+15
🇪🇸 Bulgarians · Spain
968
-15
aleix.car
10:36 Feudal Age
12:06 Loom
19:51 Castle Age
18:45 Scale Mail Armor
19:11 Double-Bit Axe
19:11 Horse Collar
20:07 Gold Mining
21:27 Gambesons
23:36 Squires
24:15 Bow Saw
26:46 Forging
26:52 Chain Mail Armor
35:29 Murder Holes
42:08 Imperial Age
40:20 Wheelbarrow
41:22 Iron Casting
44:58 Blast Furnace
51:00 Capped Ram
Abraham
6:04 Loom
9:09 Feudal Age
12:52 Double-Bit Axe
19:56 Castle Age
18:41 Arson
18:49 Horse Collar
19:53 Scale Mail Armor
20:29 Gambesons
25:05 Wheelbarrow
24:19 Town Watch
27:33 Pikeman
30:09 Fortified Wall
29:55 Murder Holes
33:16 Squires
34:29 Chain Mail Armor
37:18 Forging
45:37 Imperial Age
46:56 Iron Casting
48:55 Elite Varangian Guard
52:17 Plate Mail Armor
Connection lost

Rejoining the realm…

Still unreachable

The connection could not be restored.

Session expired

The server has moved on; the page needs a fresh start.